poppycock, lawful female dwarven Valkyrie ---------- |......<.. ........(| ---+---.-- H # # # # # # ## --------%- .:od@B)[%| |.fBT$YGG+ m ...oooiuo| i |o.$o$ooo| |........| ---------- poppycock the Woman-at-arms Experience level: 11 Strength: 16 Dexterity: 14 Constitution: 18 Intelligence: 9 Wisdom: 8 Charisma: 8 Health: 0(92) Energy: 10(10) Def: 15 Gold: 4520 Moves: 17275 Dungeon seed: 7Zwg9WD9yGxSQ_2Q Game ID: poppycock_1464894884 Your Inventory: Coins $ - 4520 gold pieces Weapons a - the blessed rustproof +1 Excalibur (weapon in hand) b - a +0 dagger (in quiver) Armor e - an uncursed +3 small shield (being worn) q - an uncursed +0 orcish helm (being worn) r - an uncursed +0 banded mail (being worn) Comestibles s - a cursed food ration C - 2 uncursed food rations Scrolls t - an uncursed scroll of create monster w - an uncursed scroll of teleportation D - a cursed scroll of food detection Wands c - a blessed wand of cancellation (1:5) B - a wand of sleep (0:4) V - a wand of teleportation (0:0) Tools h - an uncursed bag of holding k - an uncursed skeleton key K - an uncursed oil lamp (0:830) S - a +0 unicorn horn Contents of the bag of holding: 326 gold pieces 10 uncursed food rations 6 uncursed lumps of royal jelly 3 blessed scrolls of blank paper 5 uncursed scrolls of blank paper an uncursed scroll of create monster 2 uncursed scrolls of earth 2 uncursed scrolls of identify an uncursed scroll of magic mapping an uncursed scroll of remove curse an uncursed potion of healing a potion of holy water an uncursed potion of oil a blessed potion of paralysis an uncursed potion of paralysis an uncursed potion of water an uncursed ring of fire resistance an uncursed ring of free action an uncursed ring of levitation an uncursed ring of polymorph an uncursed ring of see invisible a wand of light (0:12) a wand of magic missile (0:0) a wand of striking (0:0) a fire horn (0:8) a blessed tallow candle (0:200) an uncursed towel an uncursed wooden flute Spells and supernatural/magical abilities: Name Level Category Fail Memory W - pray for help -- divine ? -- Your skills at the end: Fighting Skills Weapon Skills dagger [Basic] long sword [Expert] Spellcasting Skills Final Attributes: You were piously aligned. You were cold resistant. You were level-drain resistant. You were blinded. You were telepathic. You had automatic searching. You had infravision. You were stealthy. You were protected. You were fast. You are dead. Vanquished creatures: a vampire lord a captain a lich a lurker above a golden naga 3 vampires a ghost a queen bee a winged gargoyle 2 giant mimics 3 ogre kings an umber hulk a large mimic an earth elemental a water elemental a warg a winter wolf 2 small mimics 2 ettin mummies a troll a freezing sphere 4 flaming spheres 2 shocking spheres a large cat 2 gargoyles 2 energy vortices 2 elf mummies 2 human mummies a red naga a pit viper 2 cobras 4 wraiths a carnivorous ape 2 ettin zombies a chameleon a crocodile 4 giant beetles 2 cockatrices a winter wolf cub 2 lynxes a panther an iron piercer a mumak 4 giant spiders a scorpion a horse an ice vortex an orc mummy a dwarf mummy 2 brown puddings a rust monster 2 owlbears a yeti 2 Green-elves 6 lizards 2 dogs a dingo 2 housecats 2 jaguars 2 blue jellies 2 white unicorns 2 dust vortices a raven a plains centaur a gnome mummy 7 snakes 2 apes a human zombie 2 rope golems 5 soldier ants 3 fire ants 2 bugbears a quasit 2 wood nymphs a water nymph 2 mountain nymphs 13 Mordor orcs 6 Uruk-hai an orc shaman 4 rock piercers 4 ponies a fog cloud 11 yellow lights 7 shriekers 3 violet fungi 2 gnome lords a red naga hatchling a black naga hatchling a golden naga hatchling a guardian naga hatchling 2 gray oozes 2 barrow wights 2 ghouls a straw golem 3 paper golems 7 giant ants 2 little dogs 3 floating eyes 2 kittens a dwarf 2 homunculi 3 kobold lords a kobold shaman 18 hill orcs 7 rothes a rabid rat a centipede 8 giant bats 9 orc zombies 7 dwarf zombies a wererat 3 iguanas 24 killer bees 5 acid blobs 12 coyotes 3 gas spores 4 hobbits 19 manes 3 large kobolds 2 hobgoblins 4 giant rats 7 cave spiders 3 brown molds 3 yellow molds a green mold 3 red molds 6 gnomes 11 garter snakes 3 gnome zombies 6 geckos 7 jackals a fox 4 kobolds 2 goblins 6 sewer rats 5 grid bugs 4 bats 3 lichens 6 kobold zombies 10 newts 444 creatures vanquished. Voluntary challenges: You had been an atheist until turn 3031. You used a wielded weapon 651 times, starting on turn 26. You read items or engraved 20 times, starting on turn 4865. You never genocided any monsters. You never polymorphed an object. You never changed form. You used no wishes. You split 1 pudding, starting on turn 13042. You wrote Elbereth's name 5 times, starting on turn 5621. You violated your moral code, losing 81 points of alignment, starting on turn 5684. Dungeon overview: The Dungeons of Doom: levels 1 to 21 Level 1 a long staircase Level 2 Level 3 a fountain stairs to The Gnomish Mines Level 4 a fountain Level 5 some fountains, a sink Level 6 Level 7 Level 8 Level 9 many fountains Level 10 stairs to Sokoban Level 11 Level 12 Level 13 a fountain Level 14 a general store, a fountain Level 15 some fountains portal to The Quest Level 16 a temple to Odin Level 17 Level 18 Level 19 a fountain Level 20 an altar to Loki Level 21 <- You were here The Gnomish Mines: levels 4 to 11 Level 4 stairs to The Dungeons of Doom Level 5 Level 6 Level 7 many shops, a temple to Odin, some fountains Level 8 Level 9 Level 10 Level 11 The Quest: Level 1 a fountain portal to The Dungeons of Doom Sokoban: levels 6 to 9 Level 6 Level 7 Level 8 Level 9 stairs to The Dungeons of Doom History has recorded: On T:1 you entered the Dungeons of Doom to retrieve the Amulet of Yendor! On T:242 you reached level 2 of The Dungeons of Doom. On T:390 you reached level 3 of The Dungeons of Doom. On T:705 you reached level 4 of The Dungeons of Doom. On T:769 you advanced to experience level 2. On T:972 you reached level 5 of The Dungeons of Doom. On T:1119 you advanced to experience level 3. On T:1428 you reached level 6 of The Dungeons of Doom. On T:1837 you advanced to experience level 4. On T:2095 you reached level 7 of The Dungeons of Doom. On T:2792 you advanced to experience level 5. On T:2973 you reached level 8 of The Dungeons of Doom. On T:3457 you advanced to experience level 6. On T:3515 you reached level 9 of The Dungeons of Doom. On T:3919 you advanced to experience level 7. On T:4065 you reached level 10 of The Dungeons of Doom. On T:4357 you advanced to experience level 8. On T:4463 you reached level 11 of The Dungeons of Doom. On T:4596 you reached level 4 of Sokoban. On T:5106 you reached level 3 of Sokoban. On T:5948 you reached level 2 of Sokoban. On T:6314 you reached level 1 of Sokoban. On T:7426 you advanced to experience level 9. On T:9980 you reached level 12 of The Dungeons of Doom. On T:10002 you reached level 13 of The Dungeons of Doom. On T:10537 you reached level 14 of The Dungeons of Doom. On T:10980 you reached level 15 of The Dungeons of Doom. On T:11013 you reached level 16 of The Dungeons of Doom. On T:11413 you reached level 1 of The Quest. On T:12245 you reached level 1 of The Gnomish Mines. On T:12335 you reached level 2 of The Gnomish Mines. On T:12394 you reached level 3 of The Gnomish Mines. On T:12469 you reached level 4 of The Gnomish Mines. On T:12817 you advanced to experience level 10. On T:13274 you reached level 5 of The Gnomish Mines. On T:13352 you reached level 6 of The Gnomish Mines. On T:13366 you reached level 7 of The Gnomish Mines. On T:13517 you reached level 8 of The Gnomish Mines. On T:15346 you reached level 17 of The Dungeons of Doom. On T:15401 you reached level 18 of The Dungeons of Doom. On T:16134 you reached level 19 of The Dungeons of Doom. On T:16158 you reached level 20 of The Dungeons of Doom. On T:16481 you advanced to experience level 11. On T:16738 you reached level 21 of The Dungeons of Doom. Score breakdown: Gold: 4846 (12536 points) Experience: 11 levels (17616 points) Exploration: 21 levels ( 42.86%) (19364 points) Discoveries: 31 items ( 12.60%) (10649 points) Valuables value: (no points given unless you survive) Artifact value: 4000 (12253 points) Variety of kills: 140 monsters ( 36.75%) (18185 points) Turncount: 17275 turns (-3186 points) Survival: died (score multiplied by 80%) Total score: 69933 Latest messages: The vampire bat bites! The vampire bat misses. The raven bites! The vampire bat bites! (2x) Your movements are now unencumbered. You hit the winter wolf. The raven bites! The raven misses. The troll misses. The troll hits! The troll misses. The winter wolf bites! The vampire bat bites! The vampire bat misses. The vampire bat bites! (2x) You hit the raven. The raven bites! The troll hits! The troll misses. The troll bites! The winter wolf bites! You die... Final status: Farvel poppycock the Valkyrie, killed by a winter wolf... You died in The Dungeons of Doom on dungeon level 21 with 69933 points, and 4846 pieces of gold, after 17275 moves. You were level 11 with a maximum of 92 hit points when you died.